 Dungeon Crawl Stone Soup version 0.19.0-11-g3fc08b3 (webtiles) character file.

21 Stormleaks the Grasshopper (level 2, -1/24 (25) HPs)
             Began as a Ghoul Warper on Nov 8, 2016.
             Slain by an adder (3 damage)
             ... on level 2 of the Dungeon.
             The game lasted 00:05:35 (1117 turns).

Stormleaks the Grasshopper (Ghoul Warper)           Turns: 1117, Time: 00:05:35

HP:   -1/24 (25)    AC:  4    Str: 14    XL:     2   Next: 83%
MP:   4/4           EV: 11    Int:  8    God:
Gold: 45            SH:  0    Dex:  8    Spells: 0 memorised, 5 levels left

rFire  . . .     SeeInvis .       - Unarmed
rCold  + . .     Gourm    .     a - +0 leather armour
rNeg   + + +     Faith    .     (no shield)
rPois  ∞         Spirit   .     (no helmet)
rElec  .         Reflect  .     (no cloak)
rCorr  .         Harm     .     i - +0 pair of gloves (curse)
MR     .....                    (no boots)
Stlth  +.........               (no amulet)
                                (no ring)
                                (no ring)

@: rotting
A: rotting body, claws 1, carnivore 3, cold resistance 1, negative energy
resistance 3, slow regeneration 1, torment resistance, unbreathing
a: no special abilities


You were on level 2 of the Dungeon.
You were not hungry.

You visited 1 branch of the dungeon, and saw 2 of its levels.

You collected 45 gold pieces.

Inventory:

Missiles
 d - 5 tomahawks of dispersal (quivered)
Armour
 a - a +0 leather armour (worn)
 i - a cursed +0 pair of gloves (worn)
Jewellery
 m - a cursed -2 ring of strength {unknown}
Scrolls
 c - 2 scrolls of blinking
 h - a scroll of fear {unknown}
 l - 3 scrolls of identify {unknown}
Potions
 g - 2 potions of curing {unknown}
 j - a potion of heal wounds {unknown}
 k - a potion of lignification {unknown}
Books
 b - a book of Spatial Translocations

   Spells                             Type                      Level
   a - Blink                          Translocation                2
   b - Shroud of Golubria             Charms/Translocation         2
   c - Lesser Beckoning               Translocation                3
   d - Portal Projectile              Translocation                3
   e - Teleport Other                 Translocation                3
   f - Passage of Golubria            Translocation                4
Comestibles
 f - a meat ration
 n - a beef jerky


   Skills:
 + Level 2.5 Fighting
 + Level 1.1 Throwing
 + Level 1.2 Armour
 + Level 1.7 Dodging
 + Level 2.3 Unarmed Combat
 + Level 2.2 Spellcasting
   Level 2.6 Translocations


You had 5 spell levels left.
You didn't know any spells.

Dungeon Overview and Level Annotations

Branches:
Dungeon (2/15)

Altars:


Innate Abilities, Weirdness & Mutations

Your body is rotting away.
You thrive on raw meat.
You are immune to poison.
You have sharp fingernails.
You are carnivorous and can eat meat at any time.
Your flesh is cold resistant. (rC+)
You are immune to negative energy. (rN+++)
You regenerate slowly when monsters are visible.
You are immune to unholy pain and torment.
You can survive without breathing.


Message History

You hit the adder.
The adder is moderately wounded.
The adder bites you but does no damage. The adder bites you.
* * * LOW HITPOINT WARNING * * *
You hit the adder.
The adder is severely wounded.
The adder bites you.
* * * LOW HITPOINT WARNING * * *
The adder misses you.
You hit the adder but do no damage.
The adder is severely wounded.
The adder bites you.
* * * LOW HITPOINT WARNING * * *
The adder bites you.
* * * LOW HITPOINT WARNING * * *
The adder barely misses you. The adder closely misses you.
The adder closely misses you. The adder completely misses you.
The adder bites you.
You die...

....<...#.###
#.####..)...#
..........#
###......#
#......#
#######......#
.............#
####gS.....#
#@S.....#
#..)....#
#<......#
#.......#
#.####### #.#
###


You could see 2 adders and a goblin.

Vanquished Creatures
  4 bats (D:1)
  5 goblins
  5 hobgoblins
  A quokka (D:2)
  A frilled lizard (D:1)
  A kobold (D:1)
  3 rats
20 creatures vanquished.

Notes
Turn   | Place    | Note
-------+----------+-------------------------------------------
     0 | D:1      | Stormleaks the Ghoul Warper began the quest for the Orb.
     0 | D:1      | Reached XP level 1. HP: 17/17 MP: 2/2
    13 | D:1      | Reached skill level 1 in Throwing
   313 | D:1      | Reached XP level 2. HP: 24/24 MP: 4/4
   537 | D:1      | Reached skill level 1 in Armour
  1117 | D:2      | Slain by an adder

Skill      XL: |  1  2 |
---------------+-------+-----
Throwing       | 1 |  1.1
Spellcasting   | 2 |  2.2
Armour         | 1 |  1.2
Fighting       | |  2.5
Dodging        | |  1.7
Unarmed Combat | |  2.3
Translocations | |  2.6

Action                   || total
-------------------------++-------
Melee: Unarmed           ||    86
       Punch             ||     3
  Use: Scroll            ||     1
  Eat: Chunk             ||     1
Armor: Leather armour    ||    17
Dodge: Dodged            ||    61
